 Dungeon Crawl Stone Soup version 0.21.1-1-g345015f (webtiles) character file.

65 shakethe the Chopper (level 4, 0/35 HPs)
             Began as a Formicid Abyssal Knight on Feb 7, 2018.
             Was a Believer of Lugonu.
             Slain by a gnoll
             ... wielding a +0 flail
              (11 damage)
             ... on level 2 of the Dungeon.
             The game lasted 00:04:00 (2187 turns).

shakethe the Chopper (Formicid Abyssal Knight)      Turns: 2187, Time: 00:04:00

Health: 0/35       AC:  5    Str: 17    XL:     4   Next: 35%
Magic:  6/6        EV: 10    Int: 11    God:    Lugonu [**....]
Gold:   135        SH:  0    Dex: 11    Spells: 3/3 levels left

rFire    . . .     SeeInvis +   a - +1 hand axe
rCold    . . .     Gourm    .   (no shield)
rNeg     . . .     Faith    .   g - +0 ring mail
rPois    .         Spirit   .   (helmet unavailable)
rElec    .         Reflect  .   (no cloak)
rCorr    .         Harm     .   (no gloves)
MR       .....                  (no boots)
Stlth    +.........             (no amulet)
HPRegen  0.11/turn              (no ring)
MPRegen  0.10/turn              (no ring)

@: no status effects
A: permanent stasis, dig shafts and tunnels, four strong arms, antennae 3
a: Dig, Shaft Self, Depart the Abyss, Bend Space, Renounce Religion


You were on level 2 of the Dungeon.
You worshipped Lugonu.
Lugonu was pleased with you.
You were not hungry.

You visited 1 branch of the dungeon, and saw 3 of its levels.
You visited the Abyss 1 time.

You collected 135 gold pieces.

Inventory:

Hand Weapons
 a - a +1 hand axe (weapon)
Armour
 b - a +0 leather armour
 g - a +0 ring mail (worn)
Scrolls
 h - 2 scrolls of teleportation {unknown}
 j - a scroll of identify {unknown}
 k - 2 scrolls of magic mapping {unknown}
 l - 2 scrolls of amnesia {unknown}
 m - a scroll of fog {unknown}
 p - a scroll of fear {unknown}
Potions
 d - a potion of haste {unknown}
 e - a potion of degeneration {unknown}
 f - 2 potions of curing {unknown}
 i - a potion of might {unknown}
 n - a potion of lignification {unknown}
Comestibles
 c - 5 rations
 o - 3 chunks of flesh


   Skills:
 - Level 3.3 Fighting
 * Level 3.8 Axes
 - Level 2.1 Armour
 - Level 0.8 Dodging
 - Level 0.6 Stealth
 + Level 2.9 Invocations


You had 3 spell levels left.
You didn't know any spells.

Dungeon Overview and Level Annotations

Branches:
Dungeon (3/15)

Altars:


Innate Abilities, Weirdness & Mutations

You cannot be hasted, slowed, berserked, paralysed or teleported.
You can dig through walls and to a lower floor.
Your four strong arms can wield two-handed weapons with a shield.
You have a pair of large antennae on your head. (SInv)


Message History

The gnoll hits you with a flail.
You hit the gnoll.
The gnoll is severely wounded.
The gnoll hits you but does no damage.
You hit the gnoll but do no damage.
The gnoll is severely wounded.
The gnoll barely misses you.
You barely miss the gnoll.
The gnoll is severely wounded.
The gnoll hits you with a flail.
You barely miss the gnoll.
The gnoll is severely wounded.
The gnoll closely misses you.
You barely miss the gnoll.
The gnoll is severely wounded.
The gnoll hits you with a flail.
You closely miss the gnoll.
The gnoll is severely wounded.
The gnoll hits you with a flail!
You die...

#...........##.
#..............
#######################.
##...##...## ##
##..........###### #.
#......(.....##..########.
#............##....#...#..
#.........g...............
##.......@..#.............
##...##...#.............#
##########.#.).........#
##.##.........##
#..###...#...### #.##
########### #.# ##.. #.#
#..# #.# #.##


You could see a gnoll.

Vanquished Creatures
  2 adders (D:2)
  A dart slug (D:2)
  4 leopard geckos (D:1)
  An orc (D:3)
  A bat (D:1)
  2 giant cockroaches (D:1)
  4 goblins
  8 hobgoblins
  9 frilled lizards
  3 kobolds
  7 rats
42 creatures vanquished.

Notes
Turn   | Place    | Note
-------+----------+-------------------------------------------
     0 | Abyss:1  | shakethe the Formicid Abyssal Knight began the quest for the Orb.
     0 | Abyss:1  | Reached XP level 1. HP: 18/18 MP: 2/2
    20 | D:1      | Escaped the Abyss
   102 | D:1      | Reached XP level 2. HP: 15/24 MP: 3/3
   441 | D:1      | Reached ** piety under Lugonu
   443 | D:1      | Reached XP level 3. HP: 25/29 MP: 4/4
  1247 | D:2      | Reached XP level 4. HP: 25/35 MP: 6/6
  2187 | D:2      | Slain by a gnoll

Skill      XL: |  1  2 |
---------------+-------+-----
Axes           | 3 |  3.8
Fighting       | |  3.3
Armour         | |  2.1
Dodging        | |  0.8
Stealth        | |  0.6
Invocations    | |  2.9

Action                   |  1- 3 |  4- 6 || total
-------------------------+-------+-------++-------
Melee: Hand axe          |   133 |    25 ||   158
  Eat: Chunk             |     1 |     3 ||     4
Armor: Leather armour    |    13 |       ||    13
       Ring mail         |    38 |     7 ||    45
Dodge: Dodged            |    73 |    10 ||    83
